 Dungeon Crawl Stone Soup version 0.32-a0-7-ge934b4519a (webtiles) character file.

Game seed: 4446243144482970326

85 miscthings the Changeling (level 4, -6/41 HPs)
             Began as an Oni Shapeshifter on Jan 14, 2024.
             Mangled by a gnoll
             ... wielding a +0 halberd
              (11 damage)
             ... on level 2 of the Dungeon.
             The game lasted 00:01:35 (1289 turns).

miscthings the Changeling (Oni Shapeshifter)        Turns: 1289, Time: 00:01:35

Health: -6/41      AC:  3    Str: 18    XL:     4   Next: 48%
Magic:  4/4        EV:  9    Int: 11    God:
Gold:   80         SH:  0    Dex: 10    Spells: 3/3 levels left

rFire   . .          .
                       - Unarmed
rCold   . . .        (no shield)
rNeg    . . .        a - +0 animal skin
rPois   .            (helmet currently unavailable)
rElec   .            (cloak currently unavailable)
rCorr   .            (gloves unavailable)
SInv    .            (boots unavailable)
Will    .....        (no amulet)
Stlth   +            (no ring)
HPRegen 0.26/turn    (no ring)
MPRegen 0.09/turn

%: no passive effects
@: beast-form
A: beast (slay +2), large, unfitting armour, horns 1, tough skin 1, double
potion healing, drunken brawling
a: Begin Untransformation


You were on level 2 of the Dungeon.
You were a hulking beast.
You visited 1 branch of the dungeon, and saw 2 of its levels.

You collected 80 gold pieces.

Inventory:

Armour
 a - a +0 animal skin (worn)
Talismans
 c - a beast talisman
 d - a flux talisman
Scrolls
 e - a scroll of noise {unknown}
 f - a scroll of brand weapon {unknown}
 g - a scroll of amnesia {unknown}
 h - a scroll of teleportation {unknown}
Potions
 b - a potion of lignification


   Skills:
 - Level 1.3 Fighting
 - Level 1.7 Dodging
 - Level 2.6 Unarmed Combat
 + Level 4.8 Shapeshifting


You had 3 spell levels left.
You didn't know any spells.
Your spell library contained the following spells:

 Spells                   Type           Power      Damage    Failure   Level
 Sandblast                Erth           0%         2d4       34%         1
 Call Canine Familiar     Summ           0%         N/A       71%         3
 Passwall                 Erth           0%         N/A       71%         3
 Sigil of Binding         Hex            0%         N/A       71%         3
 Stone Arrow              Conj/Erth      0%         3d7       71%         3
 Brom's Barrelling Bould  Conj/Erth      0%         2d3       98%         4
 Dimensional Bullseye     Hex/Tloc       0%         N/A       98%         4


Dungeon Overview and Level Annotations

Branches:
Dungeon (2/15)

Altars:


Innate Abilities, Weirdness & Mutations

You are a hulking beast.
Your limbs bulge with bestial killing power. (Slay +2)
You are too large for most types of armour.
You have a pair of small horns on your head.
You have tough skin. (AC +1)
You gain doubled healing and magic from potions.
Whenever you drink a healing potion, you attack all around you.


Message History

The ribbon worm is severely wounded.
The ribbon worm bites you.
You barely miss the ribbon worm. Your headbutt misses the ribbon worm.
The ribbon worm is severely wounded.
The ribbon worm bites you.
You hit the ribbon worm.
The ribbon worm is almost dead.
You barely miss the ribbon worm. You headbutt the ribbon worm.
You kill the ribbon worm!
You see here a ribbon worm corpse.
You open the door.
There is an open door here.
Found a stone staircase leading down.
A gnoll is nearby!
You completely miss the gnoll. Your headbutt misses the gnoll.
The gnoll barely misses you.
The gnoll shouts!
You hit the gnoll.
The gnoll is heavily wounded.
You punch the gnoll!
You kill the gnoll!
Things that are here:
a +0 flail; a gnoll corpse You hit the gnoll.
You headbutt the gnoll.
The gnoll is moderately wounded.
The gnoll hits you with a +0 whip.
You hit the gnoll.
The gnoll is heavily wounded.
The gnoll hits you from afar with a +0 halberd!
The gnoll hits you with a +0 whip!
You hit the gnoll. You headbutt the gnoll.
The gnoll is almost dead.
The gnoll barely misses you. The gnoll hits you with a +0 whip.
You closely miss the gnoll. You headbutt the gnoll.
You kill the gnoll!
The gnoll hits you from afar with a +0 halberd!
* * * LOW HITPOINT WARNING * * *
The gnoll attacks as it pursues you!
The gnoll hits you from afar with a +0 halberd!
You die...

##### #.# #.... #.# #.... #.#
#.... #####.#####....
##.........'....
##..###.#####....
###...###.#####....
#>h.g..............
#####)#.#...#.#.#.#
#.#.#...#.#....
###################.#.#.......#..
.......).....g.g....#.#.#########
#......##############.#...
..........# #########+#.######
#......##.# #................#
........#.# #............###.#


You could see a gnoll.

Vanquished Creatures
  3 gnolls (D:2)
  An adder (D:2)
  A dart slug (D:1)
  A ribbon worm (D:2)
  6 endoplasms
  4 giant cockroaches (D:1)
  3 hobgoblins (D:1)
  4 kobolds
  6 ball pythons
  5 bats
  2 frilled lizards (D:1)
  3 goblins
  2 rats (D:1)
41 creatures vanquished.

Notes
Turn   | Place    | Note
-------+----------+-------------------------------------------
     0 | D:1      | miscthings the Oni Shapeshifter began the quest for the
                  | Orb.
     0 | D:1      | Reached XP level 1. HP: 19/19 MP: 1/1
    12 | D:1      | Found a faded altar of an unknown god.
    58 | D:1      | Reached XP level 2. HP: 15/27 MP: 2/2
   293 | D:1      | Reached XP level 3. HP: 23/33 MP: 3/3
   302 | D:1      | Reached skill level 4 in Shapeshifting
  1112 | D:2      | Reached XP level 4. HP: 26/41 MP: 4/4
  1289 | D:2      | Mangled by a gnoll

Illustrated notes

Levels and vault maps discovered:
D:1:      co_arrival_hexagon_in_a_hexagon, layout_basic,
          nicolae_ecumenical_snake_handling
D:2:      layout_basic, basic_altar

Skill      XL: |  1  2  3 |
---------------+----------+-----
Shapeshifting  | 4 |  4.8
Fighting       | |  1.3
Dodging        | |  1.7
Unarmed Combat | |  2.6

Action                     |  1- 3 |  4- 6 || total
---------------------------+-------+-------++-------
  Melee: Unarmed           |    79 |    14 ||    93
         Punch             |     3 |       ||     3
         Headbutt          |    11 |     5 ||    16
   Stab: Sleeping          |     1 |       ||     1
 Armour: Animal skin       |    66 |    11 ||    77
  Dodge: Dodged            |    41 |     4 ||    45

Table legend: (Time is in decaauts)
 A = Elapsed time spent in this place.
 B = Non-inter-level travel time spent in this place.
 C = Inter-level travel time spent in this place.
 D = Time resting spent in this place.
 E = Time spent auto-exploring this place.
 F = Levels seen in this place.
 G = Mean time per level.
                   A        B        C        D        E       F      G
               +--------+--------+--------+--------+--------+-----+--------+
         Total |   1284 |   1230 |     54 |     71 |    862 |   2 |  642.0 |
       Dungeon |   1284 |   1230 |     54 |     71 |    862 |   2 |  642.0 |
               +--------+--------+--------+--------+--------+-----+--------+

Top non-repeatable levels by time:
     D:1: 976 daAuts
     D:2: 308 daAuts
